 Dungeon Crawl Stone Soup version 0.31-a0-232-gb1c03b2570 (webtiles) character file.

Game seed: 12837668628549738752

146 qw the Shooter (level 5, -9/42 HPs)
             Began as a Minotaur Hexslinger on July 7, 2023.
             Shot with an arrow by a centaur (10 damage)
             ... on level 4 of the Dungeon.
             The game lasted 00:00:54 (2713 turns).

qw the Shooter (Minotaur Hexslinger)                Turns: 2713, Time: 00:00:55

Health: -9/42      AC:  6    Str: 12    XL:     5   Next: 7%
Magic:  5/5        EV: 11    Int: 10    God:
Gold:   99         SH:  0    Dex: 15    Spells: 5/6 levels left

rFire   . . .        Y - +2 sling
rCold   . . .        (no shield)
rNeg    . . .        h - +0 ring mail
rPois   .            (helmet restricted)
rElec   .            (no cloak)
rCorr   .            d - +0 pair of gloves
SInv    .            (no boots)
Will    .....        (no amulet)
Stlth   +            (no ring)
HPRegen 0.27/turn    (no ring)
MPRegen 0.09/turn

%: no passive effects
@: no status effects
A: horns 2, retaliatory headbutt
a: no special abilities


You were on level 4 of the Dungeon.
You visited 1 branch of the dungeon, and saw 4 of its levels.

You collected 132 gold pieces.
You spent 33 gold pieces at shops.


Innate Abilities, Weirdness & Mutations

You have a pair of horns on your head.
You reflexively headbutt those who attack you in melee.


   Skills:
 + Level 2.3 Fighting
 - Level 5.3 Ranged Weapons
 - Level 1.0 Armour
 - Level 2.1 Dodging
 - Level 1.0 Spellcasting
 - Level 2.0 Hexes


You had 5 spell levels left.
You knew the following spells:

 Your Spells              Type           Power      Damage    Failure   Level
a - Slow                  Hex            16%        N/A       34%         1

Your spell library contained the following spells:

 Spells                   Type           Power      Damage    Failure   Level
 Inner Flame              Hex/Fire       2%         N/A       83%         3
 Portal Projectile        Hex/Tloc       4%         N/A       83%         3
 Cause Fear               Hex            2%         N/A       98%         4

Inventory:

Hand Weapons
 Y - a +2 sling (weapon)
Armour
 d - a +0 pair of gloves (worn)
 h - a +0 ring mail (worn)
Potions
 b - 2 potions of curing
 f - a potion of enlightenment {unknown}
 j - a potion of mutation {unknown}

Dungeon Overview and Level Annotations

Branches:
Dungeon (4/15)
 Temple: D:4-7

Altars:

Shops:
D:1 [=!*   D:2 (!:=

Annotations:
D:4 2 runed translucent doors


Message History

You shoot a sling bullet.
The sling bullet closely misses the ice beast.
Your surroundings suddenly seem different.
An endoplasm comes into view.
Found 21 gold pieces and a murky white potion.
Found a stone staircase leading up.
Enter note:
Enter note:
Enter note: You shoot a sling bullet.
The sling bullet hits the endoplasm!
You kill the endoplasm!
You start resting.
A centaur comes into view.
You shoot a sling bullet. The centaur shouts!
The sling bullet hits the centaur.
The centaur is lightly wounded.
The centaur wields a +0 heavy orcbow.
The centaur shoots an arrow.
The arrow barely misses you.
You shoot a sling bullet.
The sling bullet hits the centaur but does no damage.
The centaur is lightly wounded.
The centaur shoots an arrow.
The arrow barely misses you.
You shoot a sling bullet.
The sling bullet barely misses the centaur.
The centaur shoots an arrow.
The arrow hits you but does no damage.
You shoot a sling bullet. The sling bullet hits the centaur.
The centaur is lightly wounded.
The centaur shoots an arrow.
The arrow hits you.
The centaur shoots an arrow.
The arrow hits you!
You shoot a sling bullet. The sling bullet hits the centaur!
The centaur is heavily wounded.
The centaur shoots an arrow.
The arrow barely misses you.
You shoot a sling bullet. The sling bullet hits the centaur.
The centaur is heavily wounded.
The centaur shoots an arrow.
The arrow hits you!
You shoot a sling bullet. The sling bullet hits the centaur.
The centaur is severely wounded.
The centaur shoots an arrow.
The arrow hits you!
You die...

#########
#.......#
#......$# ##
#.......#### . .
####.....<.....
#.####
.......@...#
......
####.......#
...... #.......#
#####. ####....#
#. ....$..
.#######. #.......
.........
#!....##..######..
#....#c .........
#.#####..


You could see a centaur.

Vanquished Creatures
  A hound (D:4)
  6 adders
  2 worms
  2 dart slugs
  5 orcs (D:3)
  5 endoplasms
  3 giant cockroaches
  3 goblins
  6 hobgoblins
  2 quokkas
  3 bats (D:1)
  A frilled lizard (D:3)
  5 kobolds
  4 rats
48 creatures vanquished.

Notes
Turn   | Place    | Note
-------+----------+-------------------------------------------
     0 | D:1      | qw the Minotaur Hexslinger began the quest for the Orb.
     0 | D:1      | Reached XP level 1. HP: 16/16 MP: 1/1
     0 | D:1      | 0 ||| qw: Version: 0.3-a-46-gb1f654a
     0 | D:1      | 0 ||| qw: Game counter: 2555
     0 | D:1      | 0 ||| qw: Melee chars always use a shield: true
     0 | D:1      | 0 ||| qw: God list: Okawaru
     0 | D:1      | 0 ||| qw: Allow faded altars: false
     0 | D:1      | 0 ||| qw: Do Orc after clearing Dungeon:15 true
     0 | D:1      | 0 ||| qw: Do second Lair branch before Depths: true
     0 | D:1      | 0 ||| qw: Lair rune preference: random
     0 | D:1      | 0 ||| qw: Goals: Normal
     0 | D:1      | 0 ||| PLANNING D:1-11
   113 | D:1      | Found Cidixof's Jewellery Shoppe.
   119 | D:1      | 119 ||| SHOPLISTING +5 ring of evasion (396 gold, have 0).
   119 | D:1      | 119 ||| SHOPLISTING amulet of faith (440 gold, have 0).
   119 | D:1      | 119 ||| SHOPLISTING amulet of reflection (330 gold, have
                  | 0).
   119 | D:1      | 119 ||| SHOPLISTING ring of poison resistance (220 gold,
                  | have 0).
   119 | D:1      | 119 ||| SHOPLISTING ring of positive energy (220 gold, have
                  | 0).
   119 | D:1      | 119 ||| SHOPLISTING ring of protection from fire (275 gold,
                  | have 0).
   146 | D:1      | Found Voqiabli's Distillery.
   156 | D:1      | 156 ||| SHOPLISTING potion of cancellation (88 gold, have
                  | 0).
   156 | D:1      | 156 ||| SHOPLISTING potion of curing (33 gold, have 0).
   156 | D:1      | 156 ||| SHOPLISTING potion of might (44 gold, have 0).
   259 | D:1      | Found Qaleseny's Assorted Antiques.
   264 | D:1      | 264 ||| SHOPLISTING faintly humming cloak (247 gold, have
                  | 11).
   264 | D:1      | 264 ||| SHOPLISTING leather armour (52 gold, have 11).
   264 | D:1      | 264 ||| SHOPLISTING pair of gloves (117 gold, have 11).
   264 | D:1      | 264 ||| SHOPLISTING scroll labelled ESEARYRGHES (26 gold,
                  | have 11).
   264 | D:1      | 264 ||| SHOPLISTING scroll labelled NEINWUSCH XOSOIR (26
                  | gold, have 11).
   264 | D:1      | 264 ||| SHOPLISTING twisted silver wand (104 gold, have
                  | 11).
   264 | D:1      | 264 ||| SHOPLISTING wooden ring (130 gold, have 11).
   408 | D:1      | Found Estiten's Armour Shoppe.
   410 | D:1      | Noticed an animated plate armour
   410 | D:1      | Noticed an animated crystal plate armour
   413 | D:1      | Reached skill level 3 in Ranged Weapons
   414 | D:1      | Reached XP level 2. HP: 23/23 MP: 2/2
   600 | D:1      | 600 ||| UPGRADING to +0 ring mail.
   610 | D:1      | 610 ||| DROPPING +0 robe.
   611 | D:1      | 611 ||| READING scroll labelled FOEDWU CONOLIF.
   616 | D:1      | 616 ||| READING scroll labelled VEMNOE CYJOC.
   617 | D:1      | 617 ||| DRINKING 2 fuming amethyst potions.
   618 | D:1      | 618 ||| DROPPING scroll of poison.
   619 | D:1      | 619 ||| DROPPING potion of attraction.
   720 | D:2      | HP: 6/24 [worm (9)]
   723 | D:2      | HP: 1/24 [worm (3)]
   833 | D:2      | Reached XP level 3. HP: 20/29 MP: 3/3
  1246 | D:2      | Found Niemadargh's Book Boutique.
  1258 | D:2      | Found Xesyqar's Jewellery Emporium.
  1265 | D:2      | 1265 ||| SHOPLISTING +4 ring of slaying (1092 gold, have
                  | 39).
  1265 | D:2      | 1265 ||| SHOPLISTING ring "Reen Mie" {rF+ SInv} (406 gold,
                  | have 39).
  1265 | D:2      | 1265 ||| SHOPLISTING ring of fire (350 gold, have 39).
  1265 | D:2      | 1265 ||| SHOPLISTING ring of ice (350 gold, have 39).
  1265 | D:2      | 1265 ||| SHOPLISTING ring of see invisible (210 gold, have
                  | 39).
  1265 | D:2      | 1265 ||| SHOPLISTING ring of willpower (350 gold, have 39).
  1451 | D:2      | Found Muach's Antique Weapon Emporium.
  1583 | D:2      | Found a faded altar of an unknown god.
  1611 | D:2      | Found Hikonusch's Distillery.
  1615 | D:2      | 1615 ||| BUYING potion of curing (33 gold).
  1615 | D:2      | Bought a potion of curing for 33 gold pieces
  1615 | D:2      | 1615 ||| SHOPLISTING potion of curing (33 gold, have 15).
  1615 | D:2      | 1615 ||| SHOPLISTING potion of heal wounds (55 gold, have
                  | 15).
  1711 | D:2      | 1711 ||| READING scroll labelled COWKITZ ZEVOQU.
  1763 | D:2      | 1763 ||| READING scroll labelled FAVYSTR UJUNG.
  1856 | D:3      | Reached skill level 4 in Ranged Weapons
  1949 | D:3      | Reached skill level 1 in Armour
  2062 | D:3      | Reached XP level 4. HP: 35/36 MP: 4/4
  2408 | D:3      | 2408 ||| UPGRADING to +0 pair of gloves.
  2413 | D:3      | 2413 ||| DROPPING +6 ring of intelligence.
  2414 | D:3      | 2414 ||| READING scroll labelled DUECIQ XIRANA.
  2415 | D:3      | 2415 ||| READING scroll labelled IBETUT BAPTO.
  2416 | D:3      | 2416 ||| DRINKING 2 lumpy black potions.
  2417 | D:3      | 2417 ||| DROPPING potion of magic.
  2515 | D:4      | Reached skill level 5 in Ranged Weapons
  2532 | D:4      | Reached XP level 5. HP: 41/41 MP: 5/5
  2627 | D:4      | Found a large runed translucent door.
  2627 | D:4      | Found a large runed translucent door.
  2637 | D:4      | Noticed an ice beast
  2654 | D:4      | HP: 5/42 [ice beast (10)]
  2655 | D:4      | 2655 ||| READING scroll of teleportation.
  2706 | D:4      | Noticed a centaur
  2710 | D:4      | HP: 8/42 [centaur/arrow (11)]
  2712 | D:4      | HP: 1/42 [centaur/arrow (8)]
  2713 | D:4      | Shot with an arrow by a centaur

Levels and vault maps discovered:
D:1:      dpeg_chamrin_arrival_tetris, layout_loops_ring, serial_shops,
          nicolae_shop_mannequins, nicolae_shop_stone, nicolae_square_shop,
          nicolae_shop_crystal
D:2:      layout_basic, shapermc_ecumenical_altar_totnotflames, serial_shops,
          shop, shop, shop, shop
D:3:      layout_loops_ring, minmay_cupped
D:4:      layout_loops_ring, jmf_multi_god_temple2,
          minmay_temple_entry_sparse_star, dk_rats_in_the_wall

Skill      XL: |  1  2  3  4 |
---------------+-------------+-----
Ranged Weapons | 3 4 5 |  5.3
Fighting       | 2 |  2.3
Armour         | 1 |  1.0
Dodging        | |  2.1
Spellcasting   | |  1.0
Hexes          | |  2.0

Action                     |  1- 3 |  4- 6 || total
---------------------------+-------+-------++-------
   Fire: Sling             |   101 |    90 ||   191
    Use: Scroll            |     4 |     3 ||     7
         Potion            |     1 |     1 ||     2
 Armour: Robe              |     1 |       ||     1
         Ring mail         |    19 |    18 ||    37
  Dodge: Dodged            |    28 |    24 ||    52

Table legend:
 A = Non-vault XP
 B = Vault XP
 C = Vault XP percentage of total XP
 D = Non-vault monster count
 E = Vault monster count
 F = Vault count percentage of total count
                 A         B        C        D         E       F
            +---------+---------+-------+---------+---------+-------
      Total |     205 |       4 |   1.9 |      46 |       2 |   4.2
            +---------+---------+-------+---------+---------+-------
        D:1 |      18 |       0 |   0.0 |      11 |       0 |   0.0
        D:2 |      40 |       0 |   0.0 |       8 |       0 |   0.0
        D:3 |      84 |       4 |   4.5 |      18 |       2 |  10.0
        D:4 |      63 |       0 |   0.0 |       9 |       0 |   0.0
            +---------+---------+-------+---------+---------+-------
